 Dungeon Crawl Stone Soup version 0.16.0-11-gd45b091 (webtiles) character file.

80549 Zapata the Spry (level 16, -2/108 HPs)
             Began as a Kobold Berserker on Mar 17, 2015.
             Was the Champion of Trog.
             Slain by a sun demon (5 damage)
             ... summoned by an orc high priest
             ... on level 4 of the Orcish Mines.
             The game lasted 00:58:45 (28605 turns).

Zapata the Spry (Kobold Berserker)                 Turns: 28605, Time: 00:58:45

Health: -2/108     AC: 13    Str: 19    XL:     16   Next: 15%
Magic:  16/16      EV: 32    Int:  5    God:    Trog [******]
Gold:   1696       SH:  0    Dex: 22    Spells: 0 memorised, 15 levels left

rFire  + + .     SeeInvis .     a - +5 demon whip (protect)
rCold  + . .     Clarity  .     C - +2 robe {rC+ rF+}
rNeg   . . .     SustAb   .     (no shield)
rPois  .         Gourm    .     q - +0 helmet
rElec  .         Spirit   .     f - +2 cloak {MR+}
rCorr  .         Warding  .     R - +1 pair of gloves {Str+3}
rMut   .         Stasis   .     t - +1 pair of boots {Fly}
MR     ++...                    N - amulet of faith
Stlth  +++++.....               g - ring of stealth
                                e - ring of protection from fire

@: exhausted, corroded equipment, flying, very slightly contaminated, hasted and
slowed, very resistant to hostile enchantments, quite stealthy
A: carnivore 3
a: Burn Spellbooks, Berserk, Trog's Hand, Brothers in Arms, Renounce Religion,
Stop Flying


You were on level 4 of the Orcish Mines.
You worshipped Trog.
Trog was exalted by your worship.
You were not hungry.

You visited 3 branches of the dungeon, and saw 24 of its levels.
You also visited: Labyrinth and Ice Cave.

You collected 2396 gold pieces.
You spent 700 gold pieces at shops.

Inventory:

Hand weapons
 a - a +5 demon whip of protection (weapon)
 b - the +11 hand crossbow of Trog's Generosity {penet, rElec rPois}
   (Trog gifted it to you on level 4 of the Orcish Mines)

   Ammo fired by it will pass through the targets it hits, potentially hitting
   all targets in its path until it reaches maximum range.
   It insulates you from electricity.
   It protects you from poison.
Missiles
 d - 53 poisoned bolts
 m - 18 steel bolts
 x - 26 bolts of flame
 D - 15 silver bolts
 H - 34 bolts of frost
Armour
 f - a +2 cloak of magic resistance (worn)
 j - a +2 ring mail of fire resistance
 q - a +0 helmet (worn)
 t - a +1 pair of boots of flying (worn)
 C - a +2 robe of resistance (worn)
 R - a +1 pair of gloves of strength (worn)
Jewellery
 e - a ring of protection from fire (left hand)
 g - a ring of stealth (right hand)
 N - an amulet of faith (around neck)
Magical devices
 u - a wand of teleportation (3)
 z - a wand of digging (9)
 B - a wand of cold (1)
 M - a wand of fireball (6)
 P - a wand of polymorph (12)
 Z - a wand of lightning (7)
Scrolls
 k - 4 scrolls of fog
 p - 2 scrolls of recharging
 r - a scroll of fear
 s - a scroll of enchant armour
 v - 3 scrolls of magic mapping
 y - 2 scrolls of blinking
 E - a scroll of identify
 L - 4 scrolls of remove curse
 V - a scroll of teleportation
Potions
 h - a potion of berserk rage
 i - 2 potions of agility
 l - a potion of cancellation
 n - 2 potions of flight
 o - a potion of heal wounds
 A - 4 potions of restore abilities
 G - a potion of invisibility
 I - 5 potions of curing
 T - 2 potions of haste
Comestibles
 c - 11 meat rations
 w - 22 beef jerkies


   Skills:
 - Level 15.4 Fighting
 - Level 14.6 Maces & Flails
 - Level 8.0 Crossbows
 + Level 7.3 Armour
 - Level 16.4 Dodging
 - Level 5.0 Stealth


You had 15 spell levels left.
You didn't know any spells.

Dungeon Overview and Level Annotations

Branches:
Dungeon (12/15)            Temple (0/1) D:5            Lair (8/8) D:8
  Swamp (0/5) Lair:3        Snake (0/5) Lair:5        Slime (0/6) Lair:8
    Orc (4/4) D:12            Elf (0/3) Orc:4

Altars:
Ashenzari
Dithmenos
Elyvilon
Fedhas
Gozag
Makhleb
Nemelex Xobeh
Okawaru
Qazlal
The Shining One
Beogh
Jiyva

Shops:
D:7 (   D:10 *?}*   D:12 (   Orc:3 [=   Orc:4 ?


Innate Abilities, Weirdness & Mutations

You are small and have problems with some larger weapons.
You are carnivorous and can eat meat at any time.


Message History

You feel much better.
The orc high priest mumbles some strange prayers to Beogh against you.
Something smites you!
* * * LOW HITPOINT WARNING * * *
The red devil barely misses you.
The orange demon stings you but does no damage.
The sun demon misses you. The orc completely misses you.
Read which item? (? for menu, Esc to quit)
As you read the scroll of fear, it crumbles to dust.
You assume a fearsome visage.
The orc looks frightened!
The sun demon is unaffected.
The red devil is unaffected.
The goblin looks frightened!
The orange demon is unaffected.
The ice devil is unaffected.
The sun demon is unaffected.
The orc high priest looks frightened!
The orc looks frightened!
The orc looks frightened! x4
The orc high priest looks frightened!
The orange demon closely misses you. The red devil barely misses you.
The sun demon hits you!!
* * * LOW HITPOINT WARNING * * *
You are engulfed in flames.
You resist.
You die...

#.........# ##)....##
##.......#####))...##
.####.))..####..))..## ###
....##8)8##.....)).## #...#
......#.).#........## #.....#
.........)....(...####.......
.................###.........
##.....8.8.....###.((....8....
.###.........###@(.)(.).......
...##...)...##oo3).)##.......#
............ooo4o4.## #.....#
.......8.8..33oog### #...##
####...))....##### ####
#####)###### ## #)##=..#..
#)##.).#.# ### #### #
###)###'##.# #.### ##..##


You could see an ice devil, 2 orc high priests, 2 sun demons, an orange demon, a
red devil, 6 orcs and a goblin (fleeing).

Vanquished Creatures
  Maud (Lair:3)
  An orc warlord (Orc:4)
  Snorg (Lair:6)
  A fire dragon (Lair:8)
  Josephine (Orc:3)
  A minotaur (Lab)
  Harold (Orc:3)
  A catoblepas (Lair:6)
  7 hydras
  Erica (Lair:5)
  The ghost of anything the Blocker, a powerful OpHu of Gozag (D:11)
  6 death yaks
  4 orc high priests (Orc:4)
  A sun demon (Orc:4)
  An ice devil (Orc:4)
  Erolcha (D:8)
  2 ice statues (IceCv)
  A hill giant (D:11)
  An orc knight (Orc:4)
  5 orc sorcerers (Orc:4)
  A griffon (Lair:3)
  A cyclops (D:11)
  An ugly thing (D:11)
  2 centaur zombies
  A sixfirhy (Orc:4)
  4 elephants
  Maurice (D:10)
  3 black mambas
  Joseph (D:8)
  2 rust devils (Orc:4)
  A smoke demon (Orc:4)
  13 spiny frogs
  9 komodo dragons
  3 fire drakes
  A wandering mushroom (Lair:7)
  7 trolls
  3 two-headed ogres
  Sonja (Orc:2)
  3 slime creatures (D:12)
  9 polar bears
  Grinder (D:5)
  Prince Ribbit (D:9)
  A boulder beetle (Lair:8)
  26 blink frogs
  A deep elf mage (D:11)
  2 raiju (Lair:8)
  2 basilisks
  5 wraiths (Orc:3)
  Grum (D:9)
  8 hippogriffs
  57 yaks
  3 nagas (Lair:5)
  2 mottled dragons (Lair:8)
  13 wargs
  Edmund (D:5)
  A steam dragon (Lair:8)
  Menkaure (D:6)
  27 wolves
  4 hell hounds (Lair:8)
  A soldier ant (D:9)
  15 water moccasins
  2 swamp drakes (Lair:8)
  38 orc warriors
  14 black bears
  3 orc zombies (Orc:4)
  18 ice beasts
  7 porcupines
  3 phantoms
  5 centaurs
  2 boring beetles
  2 sky beasts
  12 ogres
  19 crocodiles
  16 giant frogs
  6 scorpions
  3 wyvern skeletons
  5 goliath beetles
  7 crimson imps
  An electric eel (Lair:6)
  2 giant frog zombies
  23 hounds
  39 orc priests
  4 centaur skeletons
  4 jellies
  4 quasits
  8 iguanas
  44 orc wizards
  9 worker ants
  16 sheep
  2 hound skeletons
  A mummy (D:7)
  A worker ant zombie (D:11)
  30 adders
  62 river rats
  2 shadow imps
  A worm (D:3)
  2 giant mites
  2 oozes
  238 orcs
  9 bats
  A bat skeleton (D:5)
  A bat zombie (D:5)
  9 giant cockroaches
  13 hobgoblins
  17 jackals
  10 kobolds
  10 quokkas
  3 giant geckos
  3 giant newts
  2 giant spores
  16 goblins
  A quokka skeleton (D:6)
  6 rats
  7 ballistomycetes
  A plant (Lair:8)
1045 creatures vanquished.

Vanquished Creatures (collateral kills)
  A yak (D:10)
  An orc wizard (Orc:4)
  2 orc priests (Orc:4)
  2 orcs (Orc:4)
6 creatures vanquished.

Vanquished Creatures (others)
  An ogre (D:10)
  2 orc wizards
  A hound (Lair:8)
  2 orcs (D:10)
  A giant spore (D:10)
  3 fungi
  4 plants
14 creatures vanquished.

Grand Total: 1065 creatures vanquished

Notes
Turn   | Place    | Note
--------------------------------------------------------------
     0 | D:1      | Zapata, the Kobold Berserker, began the quest for the Orb.
     0 | D:1      | Reached XP level 1. HP: 14/14 MP: 1/1
   490 | D:1      | Reached XP level 2. HP: 17/19 MP: 2/2
   539 | D:1      | Reached skill level 1 in Stealth
   921 | D:2      | Found an iron altar of Okawaru.
   947 | D:2      | Reached XP level 3. HP: 23/23 MP: 3/3
  1238 | D:2      | Reached skill level 4 in Maces & Flails
  1242 | D:2      | Acquired Trog's second power
  1413 | D:2      | Reached XP level 4. HP: 21/28 MP: 4/4
  2128 | D:3      | Found a shattered altar of Ashenzari.
  2128 | D:3      | Found a burning altar of Makhleb.
  2134 | D:3      | Found a sparkling altar of Nemelex Xobeh.
  2142 | D:3      | Found a shadowy altar of Dithmenos.
  2509 | D:4      | Reached XP level 5. HP: 32/32 MP: 5/5
  2514 | D:4      | Reached skill level 5 in Maces & Flails
  2519 | D:4      | Reached XP level 6. HP: 28/37 MP: 6/6
  2605 | D:4      | Found an opulent altar of Gozag.
  2644 | D:4      | Reached skill level 5 in Stealth
  3063 | D:4      | Reached skill level 6 in Maces & Flails
  3063 | D:4      | Reached XP level 7. HP: 41/41 MP: 7/7
  3237 | D:4      | Reached skill level 7 in Maces & Flails
  3995 | D:5      | Entered Level 5 of the Dungeon
  4016 | D:5      | Reached skill level 8 in Maces & Flails
  4016 | D:5      | Reached XP level 8. HP: 46/46 MP: 8/8
  4018 | D:5      | Found a staircase to the Ecumenical Temple.
  4150 | D:5      | Noticed Grinder
  4463 | D:5      | Paralysed by Grinder for 3 turns
  4468 | D:5      | Paralysed by Grinder for 4 turns
  5141 | D:5      | Found a blossoming altar of Fedhas.
  5348 | D:5      | Reached skill level 9 in Maces & Flails
  5574 | D:5      | Noticed Edmund
  5582 | D:5      | Killed Edmund
  5859 | D:5      | Killed Grinder
  5859 | D:5      | Reached skill level 10 in Maces & Flails
  5861 | D:5      | Acquired Trog's third power
  6083 | D:5      | Reached XP level 9. HP: 51/51 MP: 9/9
  6189 | D:6      | Noticed Menkaure
  6193 | D:6      | Killed Menkaure
  6485 | D:6      | Got a slimy cloak
  6491 | D:6      | Identified the cursed -2 cloak of the Bull {rPois rC- Str+4} (You found it on level 6 of the Dungeon)
  6520 | D:6      | Reached skill level 11 in Maces & Flails
  6739 | D:6      | Found a white marble altar of Elyvilon.
  6748 | D:6      | Found a glowing golden altar of the Shining One.
  7171 | D:7      | Found Uchihor's Weapon Shop.
  7467 | D:7      | Reached skill level 12 in Maces & Flails
  7937 | D:7      | Received a gift from Trog
  8206 | D:8      | Reached XP level 10. HP: 40/56 MP: 10/10
  8474 | D:8      | Found a staircase to the Lair.
  8474 | D:8      | Noticed an elephant
  8475 | D:8      | Noticed a death yak
  8475 | D:8      | Noticed Erolcha
  8619 | D:8      | Killed Erolcha
  8619 | D:8      | Reached skill level 13 in Maces & Flails
  8757 | D:8      | Killed an elephant
  8854 | D:8      | Killed a death yak
  8854 | D:8      | Reached skill level 14 in Maces & Flails
  8857 | D:8      | Noticed Joseph
  8863 | D:8      | Killed Joseph
  9581 | D:9      | Noticed Prince Ribbit
  9587 | D:9      | Killed Prince Ribbit
  9587 | D:9      | Reached XP level 11. HP: 60/60 MP: 11/11
  9823 | D:9      | Found a shadowy altar of Dithmenos.
 10108 | D:9      | Noticed Grum
 10116 | D:9      | Killed Grum
 10117 | D:9      | Reached skill level 5 in Fighting
 10229 | D:9      | Reached skill level 5 in Dodging
 10757 | D:10     | Entered Level 10 of the Dungeon
 10796 | D:10     | Found Qoisiol's Gadget Shop.
 10844 | D:10     | Noticed Maurice
 11017 | D:10     | Found Nobiceel's Assorted Antiques.
 11026 | D:10     | Bought a glowing demon whip for 405 gold pieces
 11052 | D:10     | Found Taytor's Magic Scroll Emporium.
 11065 | D:10     | Killed Maurice
 11089 | D:10     | Bought a scroll of identify for 26 gold pieces
 11152 | D:10     | Found Rab Rab's Assorted Antiques.
 11160 | D:10     | Bought a scroll labeled LUUCUU WAHIKK for 29 gold pieces
 11586 | D:10     | Received a gift from Trog
 12435 | Lair:1   | Entered Level 1 of the Lair of Beasts
 12993 | Lair:1   | Reached XP level 12. HP: 70/74 MP: 12/12
 13431 | Lair:2   | Received a gift from Trog
 14146 | Lair:3   | Reached skill level 10 in Dodging
 14189 | Lair:3   | Reached skill level 10 in Fighting
 14279 | Lair:3   | Found a staircase to the Swamp.
 14311 | Lair:3   | Noticed a seven-headed hydra
 14333 | Lair:3   | Killed a seven-headed hydra
 14590 | Lair:3   | Noticed Maud
 14602 | Lair:3   | Killed Maud
 14743 | Lair:3   | Noticed an eight-headed hydra
 14748 | Lair:3   | Killed an eight-headed hydra
 14748 | Lair:3   | Reached XP level 13. HP: 61/84 MP: 13/13
 15559 | Lair:4   | Received a gift from Trog
 16220 | Lair:4   | Got a bloodstained robe
 16231 | Lair:4   | Identified the +0 robe of the Falcon {Str-4 Int+5 Stlth+} (You found it on level 4 of the Lair of Beasts)
 16661 | Lair:5   | Found a frozen archway.
 16729 | IceCv    | Entered an ice cave
 17270 | Lair:5   | Found a staircase to the Snake Pit.
 17513 | Lair:5   | Noticed Erica
 17525 | Lair:5   | Killed Erica
 17743 | Lair:6   | Received a gift from Trog
 17766 | Lair:6   | Noticed Snorg
 17778 | Lair:6   | Killed Snorg
 18224 | Lair:6   | Reached skill level 5 in Crossbows
 18224 | Lair:6   | Reached XP level 14. HP: 92/92 MP: 14/14
 19135 | Lair:7   | Found a labyrinth entrance.
 19188 | Lab      | Entered a labyrinth
 21087 | Lab      | Identified Sif Muna's Volume of Shape Shifting
 21287 | Lair:7   | Received a gift from Trog
 21717 | Lair:8   | Entered Level 8 of the Lair of Beasts
 21825 | Lair:8   | Found a viscous altar of Jiyva.
 21825 | Lair:8   | Found a staircase to the Slime Pits.
 22190 | Lair:8   | Received a gift from Trog
 22637 | Lair:8   | Reached skill level 15 in Dodging
 22996 | Lair:8   | Received a gift from Trog
 23284 | Lair:8   | Reached XP level 15. HP: 92/101 MP: 15/15
 23292 | Lair:8   | Received a gift from Trog
 23527 | Lair:8   | Reached skill level 15 in Fighting
 23579 | Lair:7   | Reached skill level 16 in Dodging
 23860 | D:11     | Noticed anything's ghost (powerful OpHu)
 23869 | D:11     | Killed anything's ghost
 23918 | D:11     | Received a gift from Trog
 24049 | D:11     | Received a gift from Trog
 24390 | D:12     | Found a staircase to the Orcish Mines.
 24441 | D:12     | Received a gift from Trog
 24653 | D:12     | Received a gift from Trog
 24774 | D:12     | Found Higriy's Antique Weapon Shop.
 25014 | D:12     | Found a stormy altar of Qazlal.
 25034 | D:12     | Received a gift from Trog
 25079 | Orc:1    | Entered Level 1 of the Orcish Mines
 25079 | Orc:1    | Found Apapi's Assorted Antiques.
 25106 | Orc:1    | Received a gift from Trog
 25164 | Orc:1    | Received a gift from Trog
 25290 | Orc:2    | Received a gift from Trog
 25319 | Orc:2    | Noticed Sonja
 25373 | Orc:2    | Killed Sonja
 25401 | Orc:2    | Found a burning altar of Makhleb.
 25720 | Orc:2    | Found a burning altar of Makhleb.
 26182 | Orc:1    | Received a gift from Trog
 26564 | Orc:3    | Received a gift from Trog
 26566 | Orc:3    | Found Vaothrit's Armour Emporium.
 26617 | Orc:3    | Found Dowkun's Jewellery Emporium.
 26631 | Orc:3    | Noticed Harold
 26634 | Orc:3    | Killed Harold
 26845 | Orc:3    | Noticed Josephine
 26850 | Orc:3    | Killed Josephine
 26901 | Orc:3    | Found a roughly hewn altar of Beogh.
 26911 | Orc:3    | Received a gift from Trog
 27205 | Orc:4    | Entered Level 4 of the Orcish Mines
 27303 | Orc:4    | Reached skill level 5 in Armour
 27648 | Orc:4    | Received a gift from Trog
 27816 | Orc:4    | Received a gift from Trog
 27820 | Orc:4    | Got a translucent hand crossbow {god gift}
 27821 | Orc:4    | Identified the +11 hand crossbow of Trog's Generosity {penet, rElec rPois} (Trog gifted it to you on level 4 of the Orcish Mines)
 27844 | Orc:4    | Found a staircase to the Elven Halls.
 27906 | Orc:4    | Paralysed by an orc sorcerer for 4 turns
 28055 | Orc:4    | Noticed an orc warlord
 28308 | Orc:4    | Found a roughly hewn altar of Beogh.
 28323 | Orc:4    | Killed an orc warlord
 28323 | Orc:4    | Received a gift from Trog
 28323 | Orc:4    | Reached XP level 16. HP: 108/108 MP: 16/16
 28457 | Orc:4    | Found Poalorgh's Magic Scroll Shoppe.
 28519 | Orc:4    | Bought a scroll of brand weapon for 240 gold pieces
 28605 | Orc:4    | HP: 3/108 [sun demon[an orc high priest] (18)]
 28605 | Orc:4    | Slain by a sun demon

Action                   |  1- 3 |  4- 6 |  7- 9 | 10-12 | 13-15 | 16-18 || total
-------------------------+-------+-------+-------+-------+-------+-------++-------
Melee: Mace              |    83 |    77 |   105 |       |       |       ||   265
       Flail             |       |       |   192 |   175 |       |       ||   367
       Demon whip        |       |       |       |   301 |  1537 |    89 ||  1927
 Fire: Arbalest          |       |       |       |       |     2 |       ||     2
Throw: Tomahawk          |       |     3 |       |     1 |       |       ||     4
Invok: Berserk           |       |     5 |    15 |    13 |     8 |     2 ||    43
       Trog's Hand       |       |     1 |     2 |       |       |       ||     3
       Burn Spellbooks   |       |       |     1 |     2 |     3 |       ||     6
       Brothers in Arms  |       |       |       |     1 |       |     1 ||     2
Evoke: Wand              |       |       |       |       |     5 |       ||     5
  Use: Scroll            |       |       |    18 |    10 |    13 |     2 ||    43
       Potion            |       |       |     9 |     1 |       |     3 ||    13
 Stab: Sleeping          |     2 |     4 |    22 |    30 |    49 |       ||   107
       Distracted        |       |       |     3 |     3 |     4 |       ||    10
  Eat: Chunk             |     7 |     7 |    30 |    25 |    41 |       ||   110
       Beef jerky        |       |       |     1 |     1 |     1 |       ||     3
       Meat ration       |       |       |       |     1 |     2 |       ||     3
